 Dungeon Crawl Stone Soup version 0.31-a0-149-g3fdcc5976a (webtiles) character file.

Game seed: 4624069464222578571

30 qw the Shooter (level 3, -2/31 HPs)
             Began as a Minotaur Hunter on June 7, 2023.
             Slain by Terence
             ... wielding a +1 flail of holy wrath
              (8 damage)
             ... on level 1 of the Dungeon.
             The game lasted 00:00:19 (793 turns).

qw the Shooter (Minotaur Hunter)                     Turns: 793, Time: 00:00:19

Health: -2/31      AC:  5    Str: 15    XL:     3   Next: 5%
Magic:  2/2        EV: 11    Int:  6    God:
Gold:   19         SH:  0    Dex: 15    Spells: 2/2 levels left

rFire   . . .        Y - +0 shortbow
rCold   . . .        (shield currently unavailable)
rNeg    . . .        e - +0 ring mail
rPois   .            (helmet restricted)
rElec   .            (no cloak)
rCorr   .            (no gloves)
SInv    .            (no boots)
Will    .....        (no amulet)
Stlth   +            (no ring)
HPRegen 0.25/turn    (no ring)
MPRegen 0.08/turn

%: no passive effects
@: no status effects
A: horns 2, retaliatory headbutt
a: no special abilities


You were on level 1 of the Dungeon.
You visited 1 branch of the dungeon, and saw 2 of its levels.

You collected 19 gold pieces.


Innate Abilities, Weirdness & Mutations

You have a pair of horns on your head.
You reflexively headbutt those who attack you in melee.


   Skills:
 - Level 3.0 Fighting
 - Level 5.2 Ranged Weapons
 + Level 0.0 Armour
 - Level 2.1 Dodging
 - Level 0.7 Stealth


You had 2 spell levels left.
You didn't know any spells.
Your spell library was empty.

Inventory:

Hand Weapons
 Y - a +0 shortbow (weapon)
Armour
 e - a +0 ring mail (worn)
Scrolls
 a - a scroll of identify
Potions
 f - a potion of heal wounds {unknown}

Dungeon Overview and Level Annotations

Branches:
Dungeon (2/15)

Altars:

Annotations:
D:1 Terence


Message History

768 ||| UPGRADING to +0 ring mail.
You start removing your armour.
You continue taking off your +0 leather armour. x4
You finish taking off your +0 leather armour.
You start putting on your armour.
You continue putting on your +0 ring mail. x5
You finish putting on your +0 ring mail.
778 ||| DROPPING +0 leather armour.
You drop a +0 leather armour.
Partly explored, can't reach some items and places.
779 ||| READING 2 scrolls labelled BUBI FEYTWIUGU.
As you read the scroll labelled BUBI FEYTWIUGU, it crumbles to dust.
It is a scroll of identify.
Really abort (and waste the scroll)?
Partly explored, can't reach some items and places.
780 ||| DROPPING scroll of butterflies.
You drop a scroll of butterflies.
Partly explored, can't reach some items and places.
(D) Dungeon
Where to? (* - list waypoints, ? - help)
What level of the Dungeon? (default 1, ? - help)
There is a stone staircase leading down here.
You climb downwards.
Terence shouts!
The goblin shouts!
You hear a shout!
Found 5 stones.
There is a stone staircase leading up here.
There are monsters nearby!
Waypoint 1 assigned to D:2.
You shoot an arrow.
The arrow hits Terence but does no damage.
A hobgoblin comes into view.
Terence bares his teeth.
Terence hits you with a +1 flail of holy wrath!
790 ||| STAIRDANCE Terence hits you with a +1 flail of holy wrath!
You climb upwards.
There is a stone staircase leading down here.
You shoot an arrow. The arrow hits Terence!
Terence is moderately wounded.
Terence hits you with a +1 flail of holy wrath.
You shoot an arrow. The arrow completely misses Terence.
Terence hits you with a +1 flail of holy wrath!
You die...

)......###### )#####......#
%.P77#......# #########
..PP7#......# #.......#
.%.#P#......# #.#####.#
....7#......# #####.## #.#
ยค...##.....## #......# #.#
...~7#.....#######......# #.#
....7#.....'....@@......# #.#
..PP7#.....#.###..##....####.#
##.P##.....#.#....#........#.#
..PP####...#?#....#.######.#.####
...P7 #####.#......####........#
.#P7P# #.#....#......#.#.##.#
.P7# # #.#.##.#...####.#.##.# P7#
#.#........####.#.##.# ##
#.######.#...##.#.##.#


You could see Terence.

Vanquished Creatures
  A bat (D:1)
  2 endoplasms (D:1)
  4 goblins (D:1)
  2 hobgoblins (D:1)
  3 jackals (D:1)
  8 kobolds (D:1)
  A quokka (D:1)
  2 ball pythons (D:1)
  3 frilled lizards (D:1)
  A rat (D:1)
27 creatures vanquished.

Notes
Turn   | Place    | Note
-------+----------+-------------------------------------------
     0 | D:1      | qw the Minotaur Hunter began the quest for the Orb.
     0 | D:1      | Reached XP level 1. HP: 18/18 MP: 0/0
     0 | D:1      | 0 ||| qw: Version: 0.2-a-117-gc6b5c8b
     0 | D:1      | 0 ||| qw: Game counter: 2582
     0 | D:1      | 0 ||| qw: Always use a shield: true
     0 | D:1      | 0 ||| qw: God list: Okawaru
     0 | D:1      | 0 ||| qw: Allow faded altars: false
     0 | D:1      | 0 ||| qw: Do Orc after D:15 true
     0 | D:1      | 0 ||| qw: Do second Lair branch before Depths: true
     0 | D:1      | 0 ||| qw: Lair rune preference: random
     0 | D:1      | 0 ||| qw: Plans: Normal
     0 | D:1      | 0 ||| PLANNING D:1-11
    67 | D:1      | Reached XP level 2. HP: 25/25 MP: 1/1
   111 | D:1      | Reached skill level 5 in Ranged Weapons
   318 | D:1      | Found a faded altar of an unknown god.
   430 | D:1      | Reached skill level 3 in Fighting
   693 | D:1      | Reached XP level 3. HP: 26/31 MP: 2/2
   694 | D:1      | 694 ||| FLEEEEING.
   768 | D:1      | 768 ||| UPGRADING to +0 ring mail.
   778 | D:1      | 778 ||| DROPPING +0 leather armour.
   779 | D:1      | 779 ||| READING 2 scrolls labelled BUBI FEYTWIUGU.
   780 | D:1      | 780 ||| DROPPING scroll of butterflies.
   788 | D:2      | Noticed Terence
   790 | D:2      | 790 ||| STAIRDANCE
   792 | D:1      | HP: 6/31 [Terence/+1 flail of holy wrath (6)]
   793 | D:1      | Slain by Terence

Levels and vault maps discovered:
D:1:      minmay_arrival_hallway, layout_basic,
          ebering_ecumenical_altar_petrified, lexackson_kobold_supper
D:2:      layout_loops_ring, serial_glass, glass_columns_a, glass_columns_a,
          uniq_terence

Skill      XL: |  1  2 |
---------------+-------+-----
Ranged Weapons | 5 |  5.2
Fighting       | 3 |  3.0
Dodging        | |  2.1
Stealth        | |  0.7

Action                     || total
---------------------------++-------
   Fire: Shortbow          ||    72
    Use: Scroll            ||     1
 Armour: Leather armour    ||     6
  Dodge: Dodged            ||    22

Table legend:
 A = Non-vault XP
 B = Vault XP
 C = Vault XP percentage of total XP
 D = Non-vault monster count
 E = Vault monster count
 F = Vault count percentage of total count
                 A         B        C        D         E       F
            +---------+---------+-------+---------+---------+-------
      Total |      34 |      10 |  22.7 |      19 |       8 |  29.6
            +---------+---------+-------+---------+---------+-------
        D:1 |      34 |      10 |  22.7 |      19 |       8 |  29.6
            +---------+---------+-------+---------+---------+-------
